Map: Eastwatch LE

Players

Marre - Winner!

  • Race: Terran Terran
  • League: Master
  • Spawn Location: 1:00

Nihil

  • Race: Terran Terran
  • League: Diamond
  • Spawn Location: 7:00

VOD

Have the link to the VOD?

Description

Time

  • Played on: April 6, 2018, 11:01 a.m.
  • Length: 8:26
Show
View Real Time Build Order
Export as new Build Order

Marre Terran - Winner!

Build Orders:  

Get SALT Encoding   

  12  0:01  SCV  
  13  0:13  SCV  
  14  0:17  Supply Depot  
  14  0:25  SCV  
  15  0:38  SCV  
  15  0:41  Barracks  
  16  0:51  SCV  
  17  1:03  SCV  
  18  1:14  Command Center  
  18  1:17  SCV  
  19  1:29  SCV  
  20  1:36  Barracks  
  20  1:43  Orbital Command  
  20  1:47  Marine  
  20  1:53  Supply Depot  
  21  2:05  Marine  
  22  2:12  Barracks  
  21  2:17  Barracks  
  21  2:23  Marine  
  22  2:31  Orbital Command  
  22  2:34  SCV  
  23  2:46  SCV  
  24  2:52  Marine x2  
  24  2:57  SCV  
  24  2:58  SCV  
  28  3:01  Marine  
  28  3:04  Marine  
  30  3:06  Barracks  
  30  3:09  SCV  
  30  3:10  SCV  
  30  3:11  Marine x2  
  34  3:19  Marine  
  35  3:22  SCV x2, Marine  
  38  3:28  Marine  
  38  3:29  Marine  
  38  3:34  Barracks, SCV x2  
  41  3:39  Barracks  
  41  3:40  Barracks  
  42  3:42  Marine  
  42  3:43  Marine  
  42  3:46  SCV  
  42  3:47  SCV  
  46  4:07  Supply Depot  
  46  4:11  SCV x2, Marine x5  
  46  4:13  Supply Depot  
  53  4:24  SCV  
  54  4:26  Command Center  
  54  4:29  SCV, Marine  
  56  4:36  SCV, Supply Depot  
  57  4:41  Supply Depot  
  57  4:46  SCV, Marine x3  
  57  4:47  Marine x3  
  57  4:48  SCV, Marine x2  
  67  4:58  SCV  
  67  4:59  Supply Depot  
  68  5:04  Marine x3  
  68  5:05  Marine x3  
  68  5:06  Marine x2  
  76  5:07  SCV  
  76  5:10  SCV  
  77  5:22  SCV, Marine x3  
  77  5:23  SCV, Marine x3  
  85  5:33  Supply Depot  
  76  5:37  Marine x2  
  76  5:40  Marine x3  
  76  5:41  Marine x3  
  80  5:47  SCV  
  80  5:48  Orbital Command  
  80  5:49  SCV  
  75  5:54  Marine  
  75  5:55  Marine  
  77  5:57  Marine, Supply Depot  
  77  5:58  Marine x3  
  77  5:59  Marine x2  
  77  6:00  SCV  
  77  6:03  Barracks  
  84  6:04  Barracks  
  84  6:07  Barracks  
  84  6:11  Barracks  
  84  6:12  Marine  
  84  6:16  Marine  
  84  6:17  Marine x6  
  92  6:25  SCV  
  92  6:26  SCV  
  92  6:27  Supply Depot  
  92  6:29  SCV  
  92  6:30  Marine  
  96  6:34  Marine  
  96  6:35  Marine x5  
  102  6:40  Command Center  
  102  6:43  SCV, Marine  
  102  6:44  SCV x2  
  106  6:52  Marine x3  
  106  6:53  Supply Depot  
  109  6:54  Marine x3  
  109  6:55  Marine x4  
  109  6:56  SCV  
  109  7:01  Marine  
  118  7:10  Marine  
  118  7:11  Marine x3  
  118  7:12  Marine x4  
  118  7:13  Marine x3  
  129  7:17  SCV  
  129  7:18  SCV x2, Marine  
  133  7:28  Marine x4, Supply Depot  
  137  7:30  Marine x4  
  137  7:36  Supply Depot  
  141  7:37  Supply Depot  
  141  7:40  Supply Depot  
  141  7:43  Marine x4  
  145  7:46  Marine x4  
  145  7:50  SCV x3  
  151  8:02  SCV  
  151  8:05  Marine x12  
  131  8:07  SCV  
  131  8:08  SCV  
Show
View Real Time Build Order
Export as new Build Order

Nihil Terran 

Build Orders:  

Get SALT Encoding   

  12  0:01  SCV  
  13  0:13  SCV  
  14  0:22  Supply Depot  
  14  0:25  SCV  
  15  0:29  Refinery  
  15  0:43  SCV  
  16  0:52  Barracks  
  16  0:55  SCV  
  17  1:08  SCV  
  18  1:18  Barracks  
  18  1:20  SCV  
  19  1:32  SCV  
  20  1:40  Refinery  
  20  1:44  SCV  
  20  1:45  Supply Depot  
  20  1:46  Marine  
  22  1:56  SCV  
  23  2:07  Marine, Barracks Reactor  
  23  2:08  SCV  
  25  2:12  Factory  
  25  2:25  Orbital Command  
  25  2:28  Marine  
  26  2:43  Supply Depot  
  26  2:46  Marine  
  26  2:47  Marine  
  26  2:48  Marine  
  29  2:59  Factory Tech Lab  
  29  3:04  Marine x2  
  31  3:06  Marine  
  31  3:08  Supply Depot  
  32  3:24  Marine  
  33  3:31  Cyclone  
  33  3:32  Cyclone  
  33  3:33  Stimpack  
  39  3:36  Marine  
  40  3:42  Marine  
  41  3:52  Engineering Bay  
  41  4:04  Cyclone  
  41  4:06  Cyclone  
  47  4:48  Marine  
  47  4:49  Hellion x2  
  47  4:50  Supply Depot  
  52  4:58  Command Center  
  52  5:03  SCV  
  52  5:05  Marine  
  44  5:40  Supply Depot  
  43  5:50  Cyclone x2  
  43  5:51  Marine, Command Center  
  43  5:52  Marine  
  51  6:09  Marine, Terran Infantry Weapons Level 1  
  51  6:10  Supply Depot  
  52  6:12  SCV  
  53  6:31  Factory  
  53  6:34  Hellion x2  
  57  6:51  Missile Turret  
  57  6:55  Marine  
  57  6:57  Hellion  
  57  6:59  Hellion  
  62  7:09  Orbital Command  
  62  7:19  Missile Turret  
  62  7:24  Factory Tech Lab  
  62  7:26  SCV, Starport  
  63  7:41  Missile Turret  
  62  7:48  Hellion x2  
  66  7:54  SCV, Marine x2  
Tags
 
Matchup
TvT
Race
Terran
Spawn Locations
Cross Positions
Add a new tag
Caveats
  • Supply blocks, unpowered buildings, or Contaminate may cause inaccurate times.
  • Supply counts are checked every 10 seconds.